cohdb
Replays
Latest Replays
All Replays
Popular Replays
Top Player Replays
Match Explorer
How It Works
Community
CoH3 Stats
Reddit
Sign in to upload your games and track your stats! →
Sign in with Steam
Match 47468129
Unlisted
Match 47468129
Overview
Messages
Build Orders
End
Construct Weapon Support Center
Selects Special Operations Battlegroup
Engineer Squad
M1919 Machine Gun Team
M1919 Machine Gun Team
Construct Medical Station
Selects Smoke Screen
Infantry Support Center
Sniper
Engineer Squad
M3 Armored Personnel Carrier
M3 Armored Personnel Carrier
Selects SSF Commando Squad
SSF Commando Squad
Survival Training
Smoke Screen
Selects M29 Weasel with M1 Pack Howitzer
M29 Weasel with M1 Pack Howitzer
Improved M9 Bazooka Rockets
Smoke Screen
SSF Commando Squad
.30 cal Machine Gun
Advanced Logistics
Selects Assault Operation
Construct Motor Pool
Smoke Screen
M3 Armored Personnel Carrier
Assault Operation
SSF Commando Squad
Selects P-47 Anti-Infantry Loiter
Assault Operation
Elite Gamer Beef Chugger
thecrazycowboygeneral
KP [MST3K]
Boneless
drinu019
ValiantHawk
0
0
Comments
sign in to comment!
No comments posted yet!